 Dungeon Crawl Stone Soup version 0.18-a0-1414-gcd7f35e (webtiles) character file.

11807 OkrshikAutist the Cruncher (level 11, -8/62 HPs)
             Began as a Vine Stalker Gladiator on Feb 26, 2016.
             Was a High Priest of Okawaru.
             Hit by a large rock thrown by a cyclops (31 damage)
             ... on level 12 of the Dungeon.
             The game lasted 00:54:42 (11626 turns).

OkrshikAutist the Cruncher (VSGl)                  Turns: 11626, Time: 00:54:42

Health: -8/62      AC: 16    Str: 17    XL:     11   Next: 83%
Magic:  0/16       EV: 15    Int:  8    God:    Okawaru [*****.]
Gold:   854        SH:  0    Dex: 19    Spells: 0 memorised, 10 levels left

rFire  . . .     SeeInvis .     a - +1 quarterstaff
rCold  + . .     Gourm    .     y - +1 chain mail {rPois}
rNeg   . . .     Faith    .     (shield currently unavailable)
rPois  +         Spirit   +     c - +0 helmet
rElec  .         Dismiss  .     G - +0 cloak
rCorr  .         Reflect  .     m - +0 pair of gloves
SustAt .         Harm     .     (no boots)
MR     ++...                    (no amulet)
Stlth  ..........               W - ring of protection from magic
                                k - ring of protection from cold

@: heroism, finesse, very resistant to hostile enchantments, extremely
unstealthy
A: fangs 3, regeneration 2, magic shield, antimagic bite, no device heal 3, rot
immunity
a: Heroism, Finesse, Renounce Religion


You were on level 12 of the Dungeon.
You worshipped Okawaru.
Okawaru was extremely pleased with you.
You were hungry.

You visited 2 branches of the dungeon, and saw 14 of its levels.
You also visited: Ossuary.

You collected 854 gold pieces.

Inventory:

Hand Weapons
 a - a +1 quarterstaff (weapon)
 Y - a +0 blowgun
Missiles
 d - 5 throwing nets (quivered)
 r - 14 poisoned needles
 J - 5 curare-tipped needles
 R - 9 needles of sleeping
Armour
 c - a +0 helmet (worn)
 m - a +0 pair of gloves (worn)
 o - a +0 ring mail
 y - a +1 chain mail of poison resistance (worn)
 G - a +0 cloak (worn)
Jewellery
 k - a ring of protection from cold (left hand)
 H - an uncursed ring of fire
 K - an uncursed ring of resist corrosion
 W - a ring of protection from magic (right hand)
Wands
 s - a wand of iceblast (5/15)
 z - a wand of slowing (19/48)
 A - a wand of lightning (11/15)
 B - a wand of iceblast (6/15)
 E - a wand of iceblast (12/15)
 O - a wand of flame (10/48)
 P - a wand of confusion (10/48)
 T - a wand of paralysis (12/24)
Scrolls
 b - 4 scrolls of enchant weapon
 e - 2 scrolls of identify
 j - 6 scrolls of remove curse
 l - a scroll of silence
 n - 3 scrolls of recharging
 v - a scroll of magic mapping
 M - a scroll of enchant armour
 X - a scroll of fear
Potions
 g - a potion of resistance
 h - 2 potions of brilliance
 i - 6 potions of lignification
 p - a potion of might
 q - a potion of agility
 w - 2 potions of invisibility
 C - a potion of mutation
 F - 2 potions of ambrosia
 N - a potion of flight
Books
 Q - a book of Alchemy

   Spells                             Type                      Level
   a - Sublimation of Blood           Necromancy                   2
   b - Ignite Poison                  Fire/Transmutation/Poison    3
   c - Petrify                        Transmutation/Earth          4
   d - Alistair's Intoxication        Transmutation/Poison         5
   e - Irradiate                      Conjuration/Transmutation    5
 S - a book of Fire

   Spells                             Type                      Level
   a - Ignite Poison                  Fire/Transmutation/Poison    3
   b - Fireball                       Conjuration/Fire             5
   c - Bolt of Fire                   Conjuration/Fire             6
   d - Delayed Fireball               Conjuration/Fire             7
   e - Ring of Flames                 Charms/Fire                  7
 V - a book of Clouds

   Spells                             Type                      Level
   a - Mephitic Cloud                 Conjuration/Poison/Air       3
   b - Conjure Flame                  Conjuration/Fire             3
   c - Poisonous Cloud                Conjuration/Poison/Air       6
   d - Freezing Cloud                 Conjuration/Ice/Air          6
   e - Ring of Flames                 Charms/Fire                  7
 Z - an Akashic Record

   Spells                             Type                      Level
   a - Dispersal                      Translocation                6
   b - Malign Gateway                 Summoning/Translocation      7
   c - Disjunction                    Translocation                8
   d - Controlled Blink               Translocation                8
Comestibles
 f - 6 bread rations
 t - 6 beef jerkies
 L - 2 slices of pizza
 U - 10 royal jellies


   Skills:
 - Level 9.0(14.0) Fighting
 + Level 10.8(15.8) Staves
 - Level 1.7(6.7) Throwing
 - Level 3.2(8.2) Armour
 - Level 7.2(12.2) Dodging
 - Level 6.1 Invocations


You had 10 spell levels left.
You didn't know any spells.

Dungeon Overview and Level Annotations

Branches:
Dungeon (12/15)            Temple (0/1) D:5             Orc (2/2) D:9
   Lair: D:8-11         Elf: Orc:2

Altars:
Ashenzari
Dithmenos
Fedhas
Gozag
Kikubaaqudgha
Okawaru
Zin

Shops:
D:9 }   Orc:1 (

Annotations:
D:5 exclusion: downstairs
D:12 exclusion: ice statue
Orc:2 Donald


Innate Abilities, Weirdness & Mutations

You have razor-sharp teeth.
You heal very quickly.
When hurt, damage is shared between your health and your magic reserves.
Your bite disrupts and absorbs the magic of your enemies.
Potions and wands cannot restore your health.
You are immune to rotting.


Message History

You can now deal lightning-fast blows.
You feel somewhat more hungry. The orc barely misses you. x2
The cyclops hits you!!
The orc wizard shouts!
The orc hits you but does no damage. x3
You climb downwards.
Level annotation: exclusion: ice statue
There is a stone staircase leading up here.
You barely miss the orc. You bite the orc. You drain its power.
You feel invigorated.
The orc is heavily wounded.
The cyclops hits you!
You thump the orc!
You kill the orc!
Okawaru accepts your kill. The orc hits you but does no damage.
You see here a flail.
The cyclops throws a large rock.
The large rock hits you!!!
Ouch! That really hurt!
You die...

.........#)# ##....#
########.#.#######.#.#
#.#.........#.#
#.#..########.# #.#..#
#.# #.#..# #.# #.#..#
#.# #(#..########.#
#†#.oC)..@....#
#(##o##########
########.##.#
............#
.#######.#### .# #...#
.# #.### .# #.# .# #.#


You could see a cyclops and 2 orcs.

Vanquished Creatures
  A queen ant (D:8)
  The ghost of Bzzz the Thaumaturge, a novice GrEE of Vehumet (D:8)
  Pikel (D:5)
  A hill giant (D:9)
  A cyclops (D:12)
  3 trolls
  A two-headed ogre (D:8)
  Grinder (D:4)
  A vampire (D:9)
  A wyvern (D:7)
  7 yaks
  2 hippogriffs (D:8)
  2 hungry ghosts
  Edmund (D:4)
  A warg (D:9)
  4 soldier ants
  A swamp drake (D:9)
  3 sky beasts
  11 orc warriors
  An ice beast (D:7)
  3 black bears
  A wasp (D:9)
  2 phantoms
  4 ogres
  2 centaurs
  A big kobold (D:9)
  10 giant frogs
  An elf zombie (Ossuary)
  A scorpion (D:3)
  2 killer bees
  2 howler monkeys
  3 crimson imps
  A centaur zombie (Ossuary)
  A giant frog zombie (D:10)
  9 orc priests
  8 hounds
  5 jellies
  2 human zombies (Ossuary)
  2 iguanas
  12 orc wizards
  A centaur skeleton (D:9)
  Jessica (D:3)
  Natasha (D:4)
  23 worker ants
  A big kobold zombie (Ossuary)
  A hound zombie (D:9)
  3 mummies
  A hound skeleton (D:9)
  A howler monkey zombie (D:8)
  A worker ant zombie (D:8)
  A gnoll (D:1)
  12 adders
  A shadow imp (D:8)
  5 oozes (D:8)
  An adder zombie (D:9)
  An adder skeleton (D:4)
  3 worms
  4 dart slugs
  A giant gecko (D:6)
  43 orcs
  9 bats
  8 giant cockroaches
  7 hobgoblins
  10 jackals
  2 quokkas
  A giant gecko skeleton (D:9)
  4 giant newts
  10 goblins
  12 hobgoblin zombies (Ossuary)
  2 jackal zombies (Ossuary)
  9 kobolds
  8 kobold zombies
  8 orc zombies
  8 rats
  4 rat zombies (Ossuary)
325 creatures vanquished.

Vanquished Creatures (others)
  Natasha (D:4)
  An orc (Orc:1)
  A goblin (D:4)
  2 plants (D:10)
5 creatures vanquished.

Grand Total: 330 creatures vanquished

Notes
Turn   | Place    | Note
--------------------------------------------------------------
     0 | D:1      | OkrshikAutist the Vine Stalker Gladiator began the quest for the Orb.
     0 | D:1      | Reached XP level 1. HP: 11/11 MP: 2/2
   120 | D:1      | Reached skill level 3 in Staves
   125 | D:1      | Reached XP level 2. HP: 15/15 MP: 3/3
   274 | D:1      | Reached XP level 3. HP: 18/18 MP: 4/4
   783 | D:2      | Reached skill level 4 in Staves
   994 | D:2      | Reached XP level 4. HP: 23/23 MP: 5/5
  1553 | D:3      | Found an iron altar of Okawaru.
  1561 | D:3      | Became a worshipper of Warmaster Okawaru
  1704 | D:3      | Noticed Jessica
  1711 | D:3      | Killed Jessica
  1711 | D:3      | Reached skill level 5 in Staves
  1711 | D:3      | Reached XP level 5. HP: 26/26 MP: 6/6
  2022 | D:4      | Noticed Natasha
  2034 | D:4      | Killed Natasha
  2037 | D:4      | Gained mutation: You heal very quickly. [Vine Stalker growth]
  2037 | D:4      | Reached XP level 6. HP: 25/30 MP: 5/7
  2081 | D:4      | Reached skill level 6 in Staves
  2101 | D:4      | Noticed Edmund
  2212 | D:4      | Noticed Grinder
  2276 | D:4      | Noticed a slave
  2276 | D:4      | Noticed a slave
  2278 | D:4      | Noticed a slave
  2281 | D:4      | Noticed Pikel
  2414 | D:5      | Entered Level 5 of the Dungeon
  2427 | D:5      | Found an opulent altar of Gozag.
  2626 | D:5      | Found a glowing silver altar of Zin.
  2703 | D:5      | Reached * piety under Okawaru
  2703 | D:5      | Reached XP level 7. HP: 30/36 MP: 8/8
  2871 | D:5      | Found a sand-covered staircase.
  2877 | Ossuary  | Entered an ossuary
  3013 | Ossuary  | Reached skill level 5 in Fighting
  3250 | D:5      | Found a staircase to the Ecumenical Temple.
  3547 | D:5      | Found a shadowy altar of Dithmenos.
  3697 | D:6      | Gained mutation: You have razor-sharp teeth. [Vine Stalker growth]
  3697 | D:6      | Reached XP level 8. HP: 37/44 MP: 9/9
  3963 | D:6      | Found an ancient bone altar of Kikubaaqudgha.
  3980 | D:6      | Reached ** piety under Okawaru
  4376 | D:7      | Found a blossoming altar of Fedhas.
  5119 | D:5      | Killed Pikel
  5119 | D:5      | Reached *** piety under Okawaru
  5119 | D:5      | Reached skill level 5 in Dodging
  5119 | D:5      | Reached XP level 9. HP: 44/50 MP: 10/10
  5218 | D:4      | Killed Grinder
  5218 | D:4      | Reached skill level 1 in Armour
  5225 | D:4      | Killed Natasha
  5263 | D:4      | Killed Edmund
  5360 | D:7      | Reached **** piety under Okawaru
  5373 | D:8      | Noticed Bzzz's ghost (novice GrEE)
  5602 | D:8      | Reached skill level 7 in Staves
  5662 | D:8      | Received a gift from Okawaru
  5788 | D:8      | Noticed a two-headed ogre
  5883 | D:7      | Reached skill level 8 in Staves
  6082 | D:7      | Reached XP level 10. HP: 33/55 MP: 9/11
  6271 | D:7      | Reached skill level 9 in Staves
  6405 | D:8      | Reached ***** piety under Okawaru
  6832 | D:7      | Noticed a hill giant
  7193 | D:8      | Noticed a queen ant
  7487 | D:8      | Reached skill level 10 in Staves
  7624 | D:8      | Received a gift from Okawaru
  7785 | D:9      | Found a shattered altar of Ashenzari.
  8103 | D:10     | Entered Level 10 of the Dungeon
  8109 | D:10     | Received a gift from Okawaru
  8131 | D:10     | Noticed a hill giant
  8140 | D:9      | Found a shadowy altar of Dithmenos.
  8205 | D:9      | Killed a hill giant
  8392 | D:10     | Reached skill level 1 in Invocations
  8415 | D:10     | Noticed a seven-headed hydra
  8651 | D:9      | Reached XP level 11. HP: 35/58 MP: 8/14
  8756 | D:8      | Killed Bzzz's ghost
  8810 | D:8      | HP: 2/58 [poisoned by a queen ant]
  8977 | D:9      | Found Qoetiteu's Gadget Emporium.
  9062 | D:9      | Reached skill level 5 in Invocations
  9181 | D:9      | Received a gift from Okawaru
  9330 | D:9      | Found a staircase to the Orcish Mines.
  9496 | D:8      | Killed a queen ant
 10008 | Orc:1    | Entered Level 1 of the Orcish Mines
 10647 | Orc:1    | Found Fyeluigg's Antique Weapon Shop.
 10924 | Orc:2    | Entered Level 2 of the Orcish Mines
 10926 | Orc:2    | Noticed an orc sorcerer
 10927 | Orc:2    | Noticed a sun demon
 11020 | Orc:2    | Noticed Donald
 11241 | D:11     | Noticed a cyclops
 11267 | D:12     | Received a gift from Okawaru
 11355 | D:12     | Noticed a cyclops
 11368 | D:12     | Killed a cyclops
 11579 | D:12     | Noticed a cyan ugly thing
 11626 | D:12     | Hit by a large rock thrown by a cyclops

Vault maps used:
D:1:      dpeg_arrival_water_temple_mockup
D:3:      old_standard_altar, serial_bayou_pond_b, kennysheep_jessica_study
D:4:      uniq_edmund, uniq_natasha, uniq_grinder, uniq_pikel
D:5:      grunt_gozag_statues, lemuel_round_altar, kennysheep_little_box,
          tgw_sif, temple_green, first_bread, nicolae_ossuary_entry_giza
D:6:      lemuel_round_altar, serial_bayou, serial_bayou_shore_b,
          serial_bayou_pond_e, serial_bayou_shore_b, serial_bayou_lagoon_a
D:7:      fedhas_altar_4
D:8:      st_stairs_8, hangedman_little_slice_of_home, minmay_another_anthill
D:9:      evilmike_ruin_ashenzari, erik_orc_1, serial_shops, nicolae_shop_trees,
          grunt_dithmenos_smoke
D:10:     david_lair_shrubbed, st_stairs_9, serial_park_tiny_1
D:12:     basic_altar, st_stairs_8, minivault_16
Orc:1:    serial_shops, nicolae_shop_crystal
Orc:2:    pf_orc_diabolical, uniq_donald
Ossuary:  ossuary_tomb_1

Skill      XL: |  1  2  3  4  5  6  7  8  9 10 11 |
---------------+----------------------------------+-----
Staves         | 3 4 5 6 8 10 | 10.8
Fighting       | 3 6 7 9 |  9.0
Dodging        | 5 7 |  7.2
Armour         | 3 |  3.2
Invocations    | 3 6 |  6.1
Throwing       | |  1.7

Action                   |  1- 3 |  4- 6 |  7- 9 | 10-12 || total
-------------------------+-------+-------+-------+-------++-------
Melee: Quarterstaff      |    95 |   152 |   426 |   685 ||  1358
 Fire: Blowgun           |       |       |       |    25 ||    25
Invok: Finesse           |       |       |       |     3 ||     3
       Heroism           |       |       |       |     1 ||     1
Evoke: Wand              |       |       |       |     6 ||     6
  Use: Scroll            |       |    11 |     7 |     5 ||    23
       Potion            |       |     4 |     1 |     2 ||     7
 Stab: Sleeping          |     2 |     1 |     5 |     1 ||     9
       Paralysed         |       |       |       |    10 ||    10
       Confused          |       |       |       |     1 ||     1
  Eat: Chunk             |       |     6 |    11 |    14 ||    31
       Meat ration       |       |       |       |     2 ||     2
